 Dungeon Crawl Stone Soup version 0.29-a0-103-g37f86683bf (webtiles) character file.

Game seed: 11894358966869930107

721 siradein the Sneak (level 7, -6/32 HPs)
             Began as a Vine Stalker Summoner on Feb 15, 2022.
             Killed by an exploding themself (35 damage)
             ... ignited by their inner flame
             ... on level 5 of the Dungeon.
             The game lasted 00:13:20 (4437 turns).

siradein the Sneak (Vine Stalker Summoner)          Turns: 4437, Time: 00:13:20

Health: -6/32      AC:  3    Str: 22    XL:     7   Next: 70%
Magic:  0/14       EV: 28    Int: 17    God:
Gold:   229        SH:  0    Dex: 16    Spells: 2/15 levels left

rFire   . . .      SeeInvis .   p - +11 whip of the Slicing Pill Bug {protect, *Slow rPois Str+5 Dex+2}
rCold   . . .      Faith    .   (no shield)
rNeg    . . .      Spirit   +   a - +0 robe
rPois   +          Reflect  .   j - +0 helmet
rElec   .          Harm     .   (no cloak)
rCorr   +          Rampage  .   (no gloves)
Will    .....                   (no boots)
Stlth   +++.......              i - amulet of the acrobat
HPRegen 0.90/turn               d - +6 ring of strength
MPRegen 0.14/turn               s - ring of resist corrosion

@: acrobatic
A: fangs 2, regeneration 1, magic shield, antimagic bite, no potion heal 2
a: no special abilities


You were on level 5 of the Dungeon.
You visited 1 branch of the dungeon, and saw 5 of its levels.

You collected 229 gold pieces.

Inventory:

Hand Weapons
 p - the +11 whip of the Slicing Pill Bug (weapon) {protect, *Slow rPois Str+5 Dex+2}
   (You found it on level 2 of the Dungeon)

   It grants its wielder temporary protection when it strikes (+7 to AC).
   Str:       It affects your strength (+5).
   Dex:       It affects your dexterity (+2).
   rPois:     It protects you from poison.
   *Slow:     It may slow you when you take damage.
Armour
 a - a +0 robe (worn)
 j - a +0 helmet (worn)
Jewellery
 d - a +6 ring of strength (left hand)
 i - an amulet of the acrobat (around neck)
 s - a ring of resist corrosion (right hand)
Scrolls
 b - a scroll of holy word {unknown}
 c - a scroll of magic mapping {unknown}
 e - 2 scrolls of noise {unknown}
 g - a scroll of enchant armour {unknown}
 h - 3 scrolls of enchant weapon
 k - 2 scrolls of fog {unknown}
 l - a scroll of blinking {unknown}
 m - 2 scrolls of amnesia {unknown}
 o - a scroll of identify {unknown}
 u - a scroll of vulnerability {unknown}
 v - a scroll of teleportation {unknown}
Potions
 f - 2 potions of mutation {unknown}
 n - 2 potions of curing {unknown}
 q - a potion of degeneration {unknown}
 r - a potion of might {unknown}
 t - a potion of heal wounds {unknown}


   Skills:
 + Level 3.6 Dodging
 + Level 5.8 Stealth
 + Level 4.5 Spellcasting
 + Level 5.7 Summonings


You had 2 spell levels left.
You knew the following spells:

 Your Spells              Type           Power      Damage    Failure   Level
a - Summon Small Mammal   Summ           92%        N/A       1%          1
b - Call Imp              Summ           23%        N/A       1%          2
c - Call Canine Familiar  Summ           23%        N/A       4%          3
d - Summon Guardian Gole  Hex/Summ       13%        N/A       14%         3
e - Summon Lightning Spi  Summ/Air       13%        N/A       41%         4

Your spell library contained the following spells:

 Spells                   Type           Power      Damage    Failure   Level
 Magic Dart               Conj           12%        1d3       16%         1
 Inner Flame              Hex/Fire       3%         N/A       41%         3
 Mephitic Cloud           Conj/Pois/Air  3%         N/A       41%         3
 Cause Fear               Hex            1%         N/A       83%         4
 Discord                  Hex            1%         N/A       100%        8


Dungeon Overview and Level Annotations

Branches:
Dungeon (5/15)
 Temple: D:4-7

Altars:


Innate Abilities, Weirdness & Mutations

You have extremely sharp teeth.
Your natural rate of healing is unusually fast.
When hurt, damage is shared between your health and your magic reserves.
Your bite disrupts and absorbs the magic of your enemies.
Potions cannot restore your health.


Message History

Your crimson imp hits the ogre.
The hound bites your guardian golem.
Your crimson imp hits the ogre but does no damage.
Something misses your crimson imp.
Casting: Call Imp (safe; 2% risk of failure)
Confirm with . or Enter, or press ? or * to list all spells.
Your crimson imp hits the ogre.
The sentinel's mark upon you fades away.
The ogre barely misses your crimson imp.
Your crimson imp hits the ogre but does no damage.
Your hound bites the ogre. x2
Your crimson imp barely misses the ogre.
The hound bites something.
The ogre hits your hound with a +0 giant club!
Your hound bites the ogre.
The hound misses your crimson imp.
Your crimson imp blinks!
Your hound bites the ogre.
The ogre closely misses your hound.
Your hound bites the ogre.
The ogre dies!
What are your orders? t - Shout!
Orders for allies: a - Attack new target. r - Retreat! s - Stop attacking. g - Guard the area. f - Follow me.
Anything else - Cancel.
Gang up on whom?
Press: ? - help, Dir - move target, f - hound
Aim: a hound (ally target) Attack!
Your hound misses the hound.
Your guardian golem overheats!
Your hound closely misses the hound.
The hound bites your guardian golem.
Your guardian golem disappears in a puff of smoke!
Your guardian golem explodes!
The fiery explosion engulfs your hound!!
Your hound dies!
Your hound's corpse disappears in a puff of smoke!
The fiery explosion engulfs the hound!!
The hound dies!
The fiery explosion engulfs you!!!
Ouch! That really hurt!
You die...

#.##.#....#
#.##.##.#.###########
#......O#.# #........
...........#.# #........
..#####.##h#.###........
#.##9#.(..........
#.##.#............ ..
#.##.#..§§§.......
...####.##O#.)§§@.......
...........#.###§..)....
#..................#####
###.###.####.).....#
#.###.# #..5....#
###..##.# #.......#
#.......# #.....###
#.......# #.....#
#.......# #.....#


You could see a friendly crimson imp (summoned, sheltered).

Vanquished Creatures
  A water moccasin (D:3)
  An ogre (D:4)
  A scorpion (D:2)
  A water moccasin skeleton (D:5)
  2 hounds (D:4)
  An orc wizard (D:4)
  A hound skeleton (D:4)
  2 gnolls (D:4)
  2 adder skeletons (D:4)
  2 dart slugs
  3 orcs (D:4)
  6 ball pythons
  4 bats
  6 endoplasms
  3 giant cockroaches
  7 goblins
  3 hobgoblins
  5 jackals
  4 quokkas
  3 frilled lizards
  7 kobolds
  3 rats
68 creatures vanquished.

Vanquished Creatures (collateral kills)
  2 ogres
  Robin (D:2)
  2 gnolls (D:4)
  An adder (D:2)
  A worm (D:2)
  A dart slug (D:2)
  2 orcs (D:3)
  A ball python (D:3)
  6 goblins
  3 hobgoblins (D:2)
  2 jackals (D:1)
  A bat (D:3)
  2 frilled lizards (D:2)
25 creatures vanquished.

Vanquished Creatures (others)
  A hound (D:5)
1 creature vanquished.

Grand Total: 94 creatures vanquished

Notes
Turn   | Place    | Note
-------+----------+-------------------------------------------
     0 | D:1      | siradein the Vine Stalker Summoner began the quest for the
                  | Orb.
     0 | D:1      | Reached XP level 1. HP: 9/9 MP: 4/4
   353 | D:1      | You fall into a shaft and drop 1 floor!
   368 | D:2      | Reached XP level 2. HP: 10/13 MP: 3/6
   557 | D:2      | Learned a level 2 spell: Call Imp
   950 | D:2      | Noticed Robin
   984 | D:2      | Killed Robin
   985 | D:2      | Reached XP level 3. HP: 8/16 MP: 0/7
  1220 | D:2      | Found a faded altar of an unknown god.
  1720 | D:2      | Gained mutation: Your natural rate of healing is unusually
                  | fast. [Vine Stalker growth]
  1720 | D:2      | Reached XP level 4. HP: 12/21 MP: 7/9
  1791 | D:2      | Noticed a scorpion
  1799 | D:1      | Learned a level 3 spell: Call Canine Familiar
  2468 | D:2      | Learned a level 3 spell: Summon Guardian Golem
  2589 | D:2      | Identified the +11 whip of the Slicing Pill Bug {protect,
                  | *Slow rPois Str+5 Dex+2}
  2596 | D:2      | Killed a scorpion
  2597 | D:2      | Reached XP level 5. HP: 22/24 MP: 3/10
  2827 | D:3      | Noticed a water moccasin
  2851 | D:3      | Killed a water moccasin
  2852 | D:3      | Reached skill level 5 in Summonings
  2852 | D:3      | Reached XP level 6. HP: 13/28 MP: 1/12
  3776 | D:4      | Reached skill level 5 in Stealth
  3914 | D:4      | Reached XP level 7. HP: 32/32 MP: 9/14
  4266 | D:5      | Entered Level 5 of the Dungeon
  4272 | D:5      | Learned a level 4 spell: Summon Lightning Spire
  4437 | D:5      | Killed by an exploding themself... ignited by their inner
                  | flame

Illustrated notes

Levels and vault maps discovered:
D:1:      psy_arrival_whirlpool, layout_loops_cross
D:2:      layout_loops_ring, nicolae_ecumenical_pavilion, minmay_statues_item,
          minmay_tromino_i2, uniq_robin
D:3:      layout_loops_ring, glass_columns_b,
          hangedman_abyss_or_decor_lesser_grid
D:4:      layout_rooms
D:5:      layout_basic, dk_vineyard_3, minmay_misc_feat_room

Skill      XL: |  1  2  3  4  5  6 |
---------------+-------------------+-----
Dodging        | 2 3 |  3.6
Stealth        | 3 4 5 |  5.8
Spellcasting   | 3 4 |  4.5
Summonings     | 5 |  5.7

Action                   |  1- 3 |  4- 6 |  7- 9 || total
-------------------------+-------+-------+-------++-------
Melee: Unarmed           |    16 |       |       ||    16
       Bite              |    22 |     8 |     2 ||    32
       Punch             |     2 |     1 |       ||     3
       Quarterstaff      |    37 |    39 |       ||    76
       Whip              |       |    32 |    17 ||    49
 Cast: Summon Small Mamm |     4 |       |       ||     4
       Call Imp          |    10 |    19 |     2 ||    31
       Call Canine Famil |       |    10 |     4 ||    14
       Summon Guardian G |       |     1 |     2 ||     3
  Use: Scroll            |       |     1 |       ||     1
 Stab: Sleeping          |       |     8 |       ||     8
       Distracted        |       |       |     1 ||     1
Armor: Robe              |    13 |    25 |     2 ||    40
Dodge: Dodged            |    60 |    61 |    19 ||   140

Table legend: (Time is in decaauts)
 A = Elapsed time spent in this place.
 B = Non-inter-level travel time spent in this place.
 C = Inter-level travel time spent in this place.
 D = Time resting spent in this place.
 E = Time spent auto-exploring this place.
 F = Levels seen in this place.
 G = Mean time per level.
                   A        B        C        D        E       F      G
               +--------+--------+--------+--------+--------+-----+--------+
         Total |   4464 |   4413 |     51 |    200 |   3335 |   5 |  892.8 |
       Dungeon |   4464 |   4413 |     51 |    200 |   3335 |   5 |  892.8 |
               +--------+--------+--------+--------+--------+-----+--------+

Top non-repeatable levels by time:
     D:2: 1779 daAuts
     D:1: 1033 daAuts
     D:3: 891 daAuts
     D:4: 588 daAuts
     D:5: 171 daAuts
